Map: Prion Terraces

Players

LilDicky

  • Race: Terran Terran
  • League: Diamond

daddybear - Winner!

  • Race: Zerg Zerg

VOD

http://www.twitch.tv/tumescentpie

Description

Time

  • Played on: Dec. 6, 2015, 2:11 a.m.
  • Length: 15:09
Show
View Real Time Build Order
Export as new Build Order

LilDicky Terran 

Build Orders: Reaper Expand, MMM Bio 

Get SALT Encoding   

  12  0:01  SCV  
  13  0:14  SCV  
  14  0:18  Supply Depot  
  14  0:26  SCV  
  15  0:39  Refinery  
  15  0:42  Barracks  
  15  0:45  SCV  
  16  0:57  SCV  
  17  1:10  SCV  
  18  1:22  SCV  
  19  1:30  Reaper  
  20  1:34  Orbital Command  
  20  1:43  Command Center  
  20  1:53  Supply Depot  
  20  2:03  SCV, Barracks Tech Lab  
  21  2:15  SCV  
  21  2:19  Barracks  
  21  2:20  Marine  
  23  2:23  Stimpack  
  23  2:28  SCV  
  24  2:39  Marine  
  25  2:45  Barracks  
  25  2:53  SCV  
  25  2:57  Marine  
  28  2:59  Orbital Command  
  28  3:03  Refinery  
  28  3:05  SCV  
  28  3:07  Barracks Tech Lab  
  28  3:16  Supply Depot, Marine  
  30  3:20  SCV  
  30  3:23  Factory  
  30  3:29  Combat Shields  
  30  3:31  Marine  
  31  3:34  Marine  
  31  3:40  Barracks Reactor  
  32  3:47  Supply Depot  
  32  3:49  Marine  
  32  3:50  SCV  
  32  3:54  Marine  
  36  3:55  SCV  
  35  4:04  SCV  
  35  4:06  Marine  
  35  4:07  Factory Reactor  
  35  4:09  Starport  
  37  4:11  SCV, Marine  
  37  4:16  Supply Depot  
  39  4:23  Marine x2  
  41  4:24  Marine  
  41  4:29  Marine  
  41  4:31  SCV x2  
  45  4:41  Marine x2  
  47  4:47  Command Center  
  47  4:49  SCV, Marine x2  
  47  4:52  Medivac x2  
  52  4:54  Widow Mine  
  52  4:56  SCV  
  57  5:01  SCV  
  57  5:02  Supply Depot  
  57  5:07  Marine x2  
  58  5:08  SCV  
  58  5:10  Marine x2  
  58  5:13  SCV  
  64  5:20  SCV  
  65  5:24  Marine x2  
  65  5:25  SCV, Supply Depot  
  65  5:28  Supply Depot, Marine  
  70  5:32  SCV  
  70  5:34  Marine  
  70  5:35  Medivac  
  73  5:37  SCV, Medivac  
  76  5:44  SCV  
  76  5:45  Marine  
  68  6:08  Marine x3  
  68  6:10  Marine  
  69  6:25  Marine  
  69  6:26  Marine x2  
  69  6:28  Marine  
  69  6:30  Medivac x2  
  77  6:43  Marine x2  
  77  6:44  Marine  
  77  6:45  Marine  
  81  6:50  Factory Reactor  
  81  6:56  SCV, Barracks  
  81  6:57  Barracks  
  81  6:58  Barracks  
  81  7:00  Engineering Bay x2  
  82  7:02  Marine x2  
  83  7:20  Marine x4  
  73  7:38  Marauder, Marine x2  
  73  7:39  Marauder  
  73  7:42  Widow Mine x2  
  83  7:52  Planetary Fortress  
  83  7:56  Marine x2  
  83  7:57  Barracks Reactor x2  
  85  7:59  Terran Infantry Armor Level 1, Barracks Tech Lab, Marine x2  
  85  8:02  Command Center  
  87  8:09  SCV  
  87  8:10  SCV  
  89  8:14  Marine x2  
  89  8:15  Refinery  
  89  8:17  Marine x2  
  93  8:20  Refinery  
  93  8:22  SCV  
  93  8:25  Refinery  
  93  8:26  Refinery  
  93  8:27  Widow Mine x2  
  93  8:31  Marine x2  
  96  8:35  Marauder  
  96  8:36  Marauder  
  76  8:55  Widow Mine  
  76  8:56  Marauder, Marine  
  76  8:57  Marine x7  
  82  9:14  Planetary Fortress, Marine  
  82  9:15  Marine x7  
  82  9:16  Missile Turret  
  90  9:17  Marine  
  90  9:18  Missile Turret  
  90  9:19  Missile Turret  
  90  9:21  SCV, Missile Turret  
  90  9:23  Missile Turret  
  92  9:25  Missile Turret x2  
  92  9:26  Widow Mine x2  
  92  9:28  Medivac x2  
  100  9:32  Marine  
  100  9:33  Marine x3  
  104  9:39  Missile Turret  
  104  9:43  Missile Turret  
  104  9:44  SCV x2, Marine x2  
  108  9:54  Marine  
  108  9:56  Marauder, Marine x2  
  108  9:57  SCV x2, Marauder  
  108  9:58  Marine  
  108  9:59  Marine  
  119  10:00  Refinery  
  119  10:01  Widow Mine x2  
  119  10:02  Marine  
  118  10:38  Marine  
  118  10:39  Medivac x2  
  118  10:40  Marine  
  124  10:46  Supply Depot  
  124  10:47  Marine x2, Widow Mine x2  
  130  10:50  Supply Depot x2  
  130  10:51  SCV x2  
  130  10:55  Supply Depot  
  130  10:56  Supply Depot  
  132  11:04  Command Center  
  132  11:07  Marine x5  
  132  11:08  SCV, Supply Depot  
  122  11:28  Marine x2  
  108  11:40  Marine x3  
  108  11:41  Marine x4  
  112  11:48  Widow Mine x2  
  116  11:56  Marine x2  
  116  11:59  Marauder, Marine  
  116  12:00  Marine  
  91  12:17  Marine, Widow Mine x2  
  91  12:22  Medivac x2  
  91  12:23  Marine  
  91  12:24  Marine x2  
  91  12:25  Marine x4  
  91  12:27  Planetary Fortress  
  98  12:30  SCV, Missile Turret  
  98  12:31  SCV x3  
  98  12:33  Marine  
  98  12:35  Marine  
  104  12:38  Armory  
  104  12:41  Marine  
  104  12:43  SCV x3  
  108  12:45  Widow Mine  
  108  12:48  Barracks  
  108  12:49  Barracks, Missile Turret  
  110  12:52  Missile Turret, Medivac x2  
  110  12:58  Marine x2  
  113  13:06  Marine x3  
  114  13:22  Medivac x2  
  118  13:30  Missile Turret x2  
  118  13:31  Missile Turret x2  
  118  13:34  Missile Turret  
  118  13:36  Marine  
  118  13:37  Marauder x2, Marine x3  
  124  13:46  Marine  
  124  13:47  Marine x2  
  127  13:54  Marine x2  
  127  13:55  Marine x2  
  131  13:56  Marine  
  131  13:57  Missile Turret, Marine  
  131  13:58  Missile Turret, Marine x2  
  131  14:00  Widow Mine x2, Missile Turret, Medivac x2  
  131  14:01  Missile Turret  
  143  14:04  Marine x3  
  146  14:12  Marine x4  
  146  14:14  Marine  
  146  14:15  Marine  
  146  14:17  Marauder  
  123  14:18  Marine  
  123  14:19  SCV  
  123  14:22  Marine x3  
  128  14:29  Widow Mine x2  
  128  14:30  Marine x4  
  134  14:31  Marine  
  134  14:33  Marine  
  134  14:35  Marine  
  134  14:37  Marine  
  131  14:40  Marine x3  
  134  14:45  Missile Turret  
  134  14:46  Missile Turret x3  
  134  14:47  Marine  
  134  14:48  Missile Turret, Marine x2  
  134  14:49  Marine x2  
  134  14:50  Missile Turret  
Show
View Real Time Build Order
Export as new Build Order

daddybear Zerg - Winner!

Build Orders: Hatch First, Muta Ling Bane 

Get SALT Encoding   

  12  0:01  Drone  
  13  0:12  Drone  
  14  0:35  Hatchery  
  13  0:41  Drone  
  14  0:44  Overlord  
  14  1:01  Spawning Pool  
  13  1:05  Drone  
  13  1:11  Drone, Extractor  
  14  1:15  Drone  
  15  1:26  Drone  
  15  1:30  Drone  
  17  1:38  Drone  
  18  1:48  Queen  
  18  1:49  Overlord  
  20  1:57  Queen  
  22  2:01  Drone  
  22  2:07  Drone  
  24  2:14  Metabolic Boost  
  24  2:22  Drone  
  25  2:23  Drone x2  
  27  2:38  Spine Crawler  
  27  2:42  Queen  
  29  2:46  Drone x2  
  29  2:47  Drone x3  
  34  3:00  Drone x2  
  34  3:01  Overlord  
  34  3:02  Overlord  
  36  3:28  Hatchery  
  36  3:29  Spore Crawler  
  36  3:31  Drone x4  
  36  3:32  Zergling x2  
  39  3:53  Zergling x8  
  43  4:01  Drone x2  
  43  4:02  Drone  
  46  4:05  Extractor  
  46  4:07  Extractor  
  46  4:08  Spore Crawler  
  43  4:11  Lair  
  43  4:14  Baneling Nest  
  43  4:16  Drone  
  43  4:21  Drone x2  
  43  4:22  Evolution Chamber  
  44  4:24  Evolution Chamber, Drone x2  
  45  4:37  Drone x3  
  48  4:38  Overlord  
  48  4:39  Overlord  
  48  4:49  Queen  
  50  5:00  Zerg Ground Armor Level 1, Zerg Melee Weapons Level 1  
  50  5:02  Drone  
  50  5:03  Drone x6  
  57  5:08  Centrifical Hooks  
  57  5:12  Baneling x3  
  57  5:13  Drone x2  
  59  5:18  Overseer  
  59  5:31  Zergling x16  
  61  6:02  Baneling  
  61  6:03  Baneling x2  
  61  6:04  Zergling x16  
  61  6:05  Zergling x8  
  67  6:12  Queen  
  67  6:23  Zergling x10  
  70  6:31  Spire  
  69  6:34  Drone, Extractor  
  69  6:36  Baneling x3  
  69  6:37  Baneling x3  
  69  6:44  Drone x5  
  74  6:51  Extractor  
  74  6:53  Extractor  
  72  7:02  Drone  
  72  7:03  Drone  
  74  7:19  Zergling x8  
  74  7:20  Zergling x8  
  69  7:37  Zergling x2  
  69  7:38  Zergling x6  
  69  7:41  Overlord x3  
  69  7:43  Baneling  
  69  7:44  Baneling x6  
  71  7:53  Spore Crawler  
  70  7:59  Mutalisk x4  
  70  8:00  Mutalisk x4  
  70  8:03  Overseer  
  86  8:16  Zergling x6  
  86  8:17  Zergling x8  
  69  8:55  Mutalisk  
  69  8:56  Mutalisk x4  
  77  9:04  Queen x2  
  81  9:10  Zergling x8  
  81  9:11  Zergling x8  
  89  9:24  Queen  
  89  9:25  Hatchery  
  89  9:26  Zergling x2  
  89  9:27  Zergling x4  
  89  9:29  Baneling  
  89  9:30  Baneling x7  
  93  9:52  Zergling x2  
  94  9:53  Zergling x8  
  94  9:54  Overlord x3  
  94  9:55  Overlord  
  98  10:01  Pneumatized Carapace  
  98  10:19  Zergling x30  
  98  10:20  Zergling x2  
  111  10:24  Baneling x4  
  101  10:36  Zergling x2  
  101  10:37  Zergling x6  
  104  10:47  Mutalisk x5  
  104  10:48  Mutalisk  
  116  10:52  Zerg Flyer Weapons Level 1  
  116  10:57  Zerg Ground Armor Level 2, Zerg Melee Weapons Level 2  
  116  11:03  Zergling x14  
  98  11:26  Zergling x2  
  98  11:27  Zergling x26  
  106  11:41  Mutalisk x6  
  118  11:48  Baneling  
  118  11:49  Baneling x13  
  118  12:03  Zergling x2  
  118  12:04  Zergling x14  
  122  12:11  Hatchery  
  110  12:20  Zergling x14  
  117  12:24  Baneling x10  
  117  12:25  Baneling  
  117  12:32  Queen  
  119  12:43  Zergling x14  
  119  12:44  Zergling x6  
  129  12:45  Queen  
  131  12:56  Extractor  
  131  12:57  Extractor  
  129  13:06  Zergling x2  
  129  13:07  Zergling x12  
  136  13:19  Overlord x5  
  136  13:27  Infestation Pit  
  135  13:57  Queen  
  135  14:01  Zergling x2  
  135  14:02  Zergling x34  
  153  14:16  Baneling  
  145  14:18  Baneling x4  
  145  14:19  Baneling x6  
  145  14:20  Zergling x6  
  148  14:39  Zergling x2  
  148  14:40  Zergling x20  
Tags
 
Add a new tag
Caveats
  • Supply blocks, unpowered buildings, or Contaminate may cause inaccurate times.
  • Supply counts are checked every 10 seconds.